 Dungeon Crawl Stone Soup version 0.25-a0-842-g81a31cfd23 (webtiles) character file.

Game seed: 9185335737650891523, levelgen mode: deterministic

10923 wullow the Blocker (level 11, 0/84 HPs)
             Began as a Demonspawn Fighter on Apr 24, 2020.
             Was an Elder of Sif Muna.
             Splashed by Joseph's acid (14 damage)
             ... on level 1 of the Lair of Beasts.
             The game lasted 00:30:07 (12006 turns).

wullow the Blocker (Demonspawn Fighter)            Turns: 12006, Time: 00:30:07

Health: 0/84       AC: -2    Str: 18    XL:     11   Next: 42%
Magic:  0/27       EV: 10    Int: 14    God:    Sif Muna [****..]
Gold:   451        SH: 11    Dex: 13    Spells: 11/19 levels left

rFire    . . .     SeeInvis .   F - +1 trident (venom)
rCold    . . .     Gourm    .   H - +0 kite shield {reflect}
rNeg     . . .     Faith    .   Q - +1 steam dragon scales
rPois    .         Spirit   +   U - +0 hat {Int+3}
rElec    .         Reflect  +   q - +0 cloak
rCorr    .         Harm     .   (no gloves)
MR       .....                  (no boots)
Stlth    ++........             N - amulet of guardian spirit
HPRegen  0.24/turn              L - ring of wizardry
MPRegen  0.20/turn              j - ring of magical power

@: corroded
A: horns 2, slimy green scales 1, foul stench 1, nightstalker 1, rot immunity
a: Channel Magic, Forget Spell, Divine Exegesis, Renounce Religion


You were on level 1 of the Lair of Beasts.
You worshipped Sif Muna.
Sif Muna was greatly pleased with you.
You were not hungry.

You visited 3 branches of the dungeon, and saw 11 of its levels.
You also visited: Ossuary.

You collected 519 gold pieces.
You spent 68 gold pieces at shops.

Inventory:

Hand Weapons
 r - a +1 whip of electrocution
 F - a +1 trident of venom (weapon)
 P - a +3 scimitar of flaming
 S - a +0 dagger of electrocution
 T - a +1 vorpal trident
Missiles
 b - 4 datura-tipped darts
 e - 40 sling bullets
 g - 322 stones (quivered)
 i - 190 arrows
 p - 7 poisoned darts
Armour
 q - a +0 cloak (worn)
 y - a +1 chain mail of poison resistance
 H - a +0 kite shield of reflection (worn)
 O - a +1 robe of resistance
 Q - +1 steam dragon scales (worn)
 U - a +0 hat of intelligence (worn)
Jewellery
 h - an uncursed ring of poison resistance
 j - a ring of magical power (right hand)
 L - a ring of wizardry (left hand)
 N - an amulet of guardian spirit (around neck)
Wands
 a - a wand of polymorph (12)
 c - a wand of enslavement (6)
 A - a wand of flame (41)
 J - a wand of acid (7)
Scrolls
 n - 8 scrolls of remove curse
 t - a scroll of magic mapping
 B - a scroll of enchant weapon
 E - a scroll of fog
 G - 2 scrolls of teleportation
 M - a scroll of amnesia
Potions
 d - 4 potions of might
 l - 4 potions of heal wounds
 m - 4 potions of haste
 o - 2 potions of flight
 s - 3 potions of resistance
 u - 3 potions of cancellation
 v - 2 potions of mutation
 w - a potion of ambrosia
 x - 3 potions of curing
 z - a potion of magic
 D - 2 potions of stabbing
 I - 2 potions of lignification
 K - a potion of brilliance {unknown}
Comestibles
 f - 18 rations
 k - 3 chunks of flesh


   Skills:
 + Level 7.6 Fighting
 * Level 9.4 Polearms
 - Level 3.0 Armour
 * Level 9.6 Shields
 + Level 4.7 Spellcasting
 - Level 2.0 Conjurations
 + Level 0.4 Hexes
 + Level 3.4 Summonings
 - Level 2.0 Air Magic
 - Level 2.0 Poison Magic
 - Level 6.1 Invocations


You had 11 spell levels left.
You knew the following spells:

 Your Spells              Type           Power        Failure   Level  Hunger
a - Call Imp              Summ           ##......     5%          2    ##.....
b - Mephitic Cloud        Conj/Pois/Air  #.......     19%         3    ###....
c - Confusing Touch       Hex            #.......     32%         3    ###....

Your spell library contained the following spells:

 Spells                   Type           Power        Failure   Level  Hunger
 Magic Dart               Conj           #...         6%          1    None
 Slow                     Hex            #.......     17%         2    ##.....
 Blink                    Tloc           N/A          21%         2    ##.....
 Conjure Flame            Conj/Fire      #.......     26%         3    ###....
 Gell's Gravitas          Tloc           #.........   38%         3    ###....
 Petrify                  Tmut/Erth      #.......     77%         4    ####...
 Metabolic Englaciation   Hex/Ice        #.........   97%         5    ######.
 Yara's Violent Unravell  Hex/Tmut       #.........   97%         5    ######.


Dungeon Overview and Level Annotations

Branches:
Dungeon (9/15)             Temple (1/1) D:4            Lair (1/6) D:9
    Orc (0/2) D:9         Ossuary (visited)

Altars:
Ashenzari
Cheibriados
Dithmenos
Elyvilon
Fedhas
Gozag
Hepliaklqana
Kikubaaqudgha
Makhleb
Nemelex Xobeh
Okawaru
Qazlal
Ru
Sif Muna
Trog
Uskayaw
Vehumet
Wu Jian
Xom
Yredelemnul
Zin
The Shining One

Shops:
D:4 (   D:9 *

Annotations:
Lair:1 Joseph


Innate Abilities, Weirdness & Mutations

You have a pair of horns on your head.
You are partially covered in slimy green scales. (AC +2)
You may emit foul miasma when damaged in melee.
You are slightly more attuned to the shadows.
You are immune to rotting.


Message History

Joseph is lightly wounded.
Joseph zaps a wand.
The bolt of acid hits you! The acid corrodes you!
You are splashed with acid!
You puncture Joseph! Your headbutt misses Joseph.
Joseph is lightly wounded.
Joseph zaps a wand.
The bolt of acid hits you!! The acid corrodes you!
You are splashed with acid!
You puncture Joseph! Your headbutt misses Joseph.
Joseph is moderately wounded.
Joseph hits you with a +0 quarterstaff.
You emit a cloud of foul miasma!
Joseph is engulfed in dark miasma.
Joseph zaps a wand.
The bolt of acid hits you!
* * * LOW HITPOINT WARNING * * *
You are splashed with acid!
* * * LOW HITPOINT WARNING * * *
You feel much better.
Joseph is engulfed in dark miasma.
Joseph zaps a wand.
The bolt of acid hits you!!
* * * LOW HITPOINT WARNING * * *
The acid corrodes you!
You are splashed with acid!
You die...

..........#.#..##.......###..
.#..........##..#......## ###
#...⌠...⌠...#..........#
......>........'......##
.⌠...⌠...#..#......#
.......#..##...###
#......#..##..######
#...#.....#........# ##
.......@.#.........# ##.
.....###@.#.^....[.# #..
.#...#'..#.........####.
.......####.........[##.
......## #........#.#..
#..... #........#>##. #.#...
#........#.... ..@...
###P..###.##.. ((.... #...
######


You could see Joseph.

Vanquished Creatures
  Gastronok (Lair:1)
  Erica (D:8)
  A two-headed ogre (D:9)
  Maggie (D:8)
  A rime drake (Lair:1)
  4 polar bears (Lair:1)
  Prince Ribbit (D:5)
  3 hippogriffs
  A wyvern (D:9)
  Sigmund (D:6)
  4 yaks (Lair:1)
  A hungry ghost (D:8)
  Edmund (D:4)
  A water moccasin (Lair:1)
  2 porcupines
  A black bear (D:7)
  3 ice beasts
  4 orc warriors
  A sky beast (D:9)
  3 ogres
  3 phantoms
  4 centaurs
  A crocodile (Lair:1)
  8 bullfrogs
  6 scorpions
  9 wights
  2 howler monkeys (D:7)
  A bullfrog zombie (D:6)
  A quasit (D:9)
  4 hounds
  3 jellies (D:2)
  12 orc wizards
  4 orc priests
  A bullfrog skeleton (D:9)
  3 iguanas
  10 worker ants
  2 killer bee zombies (D:8)
  2 big kobold zombies (Ossuary)
  A hound skeleton (D:9)
  A mummy (Ossuary)
  A worker ant zombie (D:7)
  2 gnolls (D:1)
  2 howler monkey skeletons (D:7)
  A howler monkey zombie (D:8)
  10 adders
  3 shadow imps (D:8)
  10 oozes (D:2)
  An adder zombie (D:7)
  A dart slug (D:4)
  3 leopard geckos
  32 orcs
  4 spectral bats (Ossuary)
  4 bats
  2 giant cockroaches
  7 goblins
  10 hobgoblins
  2 quokkas
  6 bat simulacra (Ossuary)
  5 frilled lizards
  12 gnoll zombies
  3 goblin zombies (Ossuary)
  5 hobgoblin zombies (Ossuary)
  18 kobolds
  5 kobold simulacra (Ossuary)
  5 kobold zombies (Ossuary)
  A leopard gecko zombie (D:8)
  5 orc zombies (Ossuary)
  A quokka zombie (D:5)
  7 rats
  6 rat simulacra (Ossuary)
  3 spectral goblins (Ossuary)
  A spectral kobold (Ossuary)
  A spectral rat (Ossuary)
293 creatures vanquished.

Vanquished Creatures (others)
  A centaur (D:9)
  A hobgoblin (D:9)
  A bush (Lair:1)
  5 fungi (D:2)
  11 plants (Lair:1)
  8 toadstools (D:2)
27 creatures vanquished.

Grand Total: 320 creatures vanquished

Notes
Turn   | Place    | Note
-------+----------+-------------------------------------------
     0 | D:1      | wullow the Demonspawn Fighter began the quest for the Orb.
     0 | D:1      | Reached XP level 1. HP: 18/18 MP: 1/1
   324 | D:1      | Gained mutation: You are immune to rotting. [demonic
                  | ancestry]
   324 | D:1      | Reached XP level 2. HP: 24/24 MP: 2/2
   483 | D:1      | Reached XP level 3. HP: 17/29 MP: 3/3
  1091 | D:2      | Gained mutation: You are slightly more attuned to the
                  | shadows. [demonic ancestry]
  1091 | D:2      | Reached XP level 4. HP: 32/35 MP: 4/4
  1339 | D:2      | Gained mutation: You may emit foul miasma when damaged in
                  | melee. [demonic ancestry]
  1339 | D:2      | Reached XP level 5. HP: 37/41 MP: 5/5
  1599 | D:2      | Found a hazy altar of Hepliaklqana.
  2734 | D:3      | Found a basalt altar of Yredelemnul.
  3330 | D:4      | Gained mutation: You have a pair of small horns on your
                  | head. [demonic ancestry]
  3330 | D:4      | Reached XP level 6. HP: 40/48 MP: 6/6
  3408 | D:4      | Found a staircase to the Ecumenical Temple.
  3445 | Temple   | Entered the Ecumenical Temple
  3704 | Temple   | Became a worshipper of Sif Muna the Loreminder
  3739 | D:4      | Found a stormy altar of Qazlal.
  3855 | D:4      | Reached skill level 1 in Spellcasting
  4088 | D:4      | Noticed Edmund
  4243 | D:4      | Killed Edmund
  4243 | D:4      | Reached skill level 5 in Shields
  4243 | D:4      | Reached XP level 7. HP: 11/54 MP: 8/8
  4574 | D:4      | Found Ofaud's Antique Weapon Emporium.
  4715 | D:5      | Entered Level 5 of the Dungeon
  5244 | D:5      | Noticed Prince Ribbit
  5251 | D:5      | Killed Prince Ribbit
  5251 | D:5      | Reached skill level 5 in Polearms
  5251 | D:5      | Reached skill level 1 in Invocations
  5438 | D:5      | Reached * piety under Sif Muna
  5465 | D:5      | Reached XP level 8. HP: 61/61 MP: 10/10
  5535 | D:5      | Reached skill level 5 in Fighting
  5650 | D:5      | Found an opulent altar of Gozag.
  6138 | D:6      | Found a sand-covered staircase.
  6146 | Ossuary  | Entered an ossuary
  6193 | Ossuary  | Reached ** piety under Sif Muna
  6482 | Ossuary  | Reached *** piety under Sif Muna
  6825 | D:6      | Noticed Sigmund
  6838 | D:6      | Killed Sigmund
  7096 | D:6      | Gained mutation: You are partially covered in slimy green
                  | scales. (AC +2) [demonic ancestry]
  7096 | D:6      | Reached XP level 9. HP: 60/68 MP: 13/13
  7758 | D:7      | Reached skill level 5 in Invocations
  7895 | D:7      | Reached **** piety under Sif Muna
  8245 | D:7      | Found a shadowy altar of Dithmenos.
  8291 | D:7      | Found an ancient bone altar of Kikubaaqudgha.
  8297 | D:7      | Found a white marble altar of Elyvilon.
  8298 | D:7      | Found an iron altar of Okawaru.
  8299 | D:7      | Found a bloodstained altar of Trog.
  8299 | D:7      | Found a burning altar of Makhleb.
  8300 | D:7      | Found a shattered altar of Ashenzari.
  8302 | D:7      | Found a sacrificial altar of Ru.
  8303 | D:7      | Found a snail-covered altar of Cheibriados.
  8355 | D:8      | Noticed Erica
  8377 | D:8      | Killed Erica
  8377 | D:8      | Reached XP level 10. HP: 55/77 MP: 14/14
  8545 | D:8      | Noticed Maggie
  8583 | D:8      | Killed Maggie
  8598 | D:8      | Identified a scroll of acquirement
  8614 | D:8      | Learned a level 2 spell: Call Imp
  9116 | D:8      | Reached skill level 1 in Summonings
  9514 | D:9      | Learned a level 3 spell: Mephitic Cloud
  9535 | D:9      | Found Gewnama's Assorted Antiques.
  9542 | D:9      | Bought a scroll of identify for 34 gold pieces
  9542 | D:9      | Bought a scroll of identify for 34 gold pieces
  9849 | D:9      | Found a staircase to the Orcish Mines.
  9893 | D:9      | Reached skill level 1 in Poison Magic
 10134 | D:9      | Reached skill level 1 in Conjurations
 10159 | D:9      | Reached skill level 1 in Air Magic
 10160 | D:9      | Found a radiant altar of Vehumet.
 10201 | D:9      | Noticed a two-headed ogre
 10219 | D:9      | Killed a two-headed ogre
 10727 | D:9      | Found a staircase to the Lair.
 10744 | Lair:1   | Entered Level 1 of the Lair of Beasts
 10906 | Lair:1   | Noticed Gastronok
 10926 | Lair:1   | Killed Gastronok
 10926 | Lair:1   | Gained mutation: You have a pair of horns on your head.
                  | [demonic ancestry]
 10926 | Lair:1   | Reached XP level 11. HP: 54/84 MP: 16/17
 11740 | Lair:1   | Learned a level 3 spell: Confusing Touch
 11848 | Lair:1   | Noticed Joseph
 12006 | Lair:1   | Splashed by Joseph's acid

Levels and vault maps discovered:
D:1:      ebering_trefoil_3fold, layout_basic
D:2:      cheibrodos_fertilizer, layout_basic, lemuel_doored_altar, first_ration
D:3:      layout_basic, lemuel_zombie_altar_yredelemnul
D:4:      layout_rooms, minmay_temple_entry_statues, serial_shops,
          nicolae_shop_behind_doors, nicolae_qazlal_general_emergency,
          uniq_edmund
D:5:      layout_loops_ring, kennysheep_mini, uniq_prince_ribbit1
D:6:      layout_loops_cross, lightli_ossuary_entry_decrepit_ruins, uniq_sigmund
D:7:      layout_loops_ring, minitemple
D:8:      layout_loops_ring, hangedman_decor_diamond_cutter, uniq_maggie,
          uniq_erica
D:9:      layout_big_octagon, fiery_altar_vehumet,
          grunt_lair_entry_orc_guard_hut, erik_orc_3, serial_shops, shop
Temple:   compressed_dpeg_triangle_lava_temple
Lair:1:   layout_roguey, cheibrodos_lair_lostbears, grunt_megastairs_2,
          uniq_gastronok, uniq_joseph

Skill      XL: |  1  2  3  4  5  6  7  8  9 10 11 |
---------------+----------------------------------+-----
Polearms       | 2 3 4 5 6 7 9 |  9.4
Shields        | 3 4 5 6 8 9 |  9.6
Armour         | 3 |  3.0
Fighting       | 4 5 6 7 |  7.6
Spellcasting   | 1 2 3 4 |  4.7
Invocations    | 1 3 5 6 |  6.1
Summonings     | 2 3 |  3.4
Poison Magic   | 2 |  2.0
Conjurations   | 2 |  2.0
Air Magic      | 2 |  2.0
Hexes          | |  0.4

Action                   |  1- 3 |  4- 6 |  7- 9 | 10-12 || total
-------------------------+-------+-------+-------+-------++-------
Melee: Trident           |   102 |   234 |   495 |   416 ||  1247
       Headbutt          |       |    16 |    86 |    78 ||   180
Throw: Stone             |       |     2 |       |     2 ||     4
  Use: Scroll            |       |    11 |     8 |     6 ||    25
       Potion            |       |       |     2 |     1 ||     3
 Stab: Sleeping          |       |       |       |     8 ||     8
       Distracted        |       |       |       |     3 ||     3
  Eat: Chunk             |       |     8 |    10 |    13 ||    31
       Ration            |       |     1 |     1 |       ||     2
Armor: Scale mail        |    35 |    39 |       |       ||    74
       Chain mail        |       |    32 |   184 |    16 ||   232
       Steam dragon scal |       |       |       |    89 ||    89
Dodge: Dodged            |    28 |    43 |    46 |   112 ||   229
Block: Kite shield       |    41 |    91 |   157 |   177 ||   466
       Reflection        |       |       |       |     5 ||     5

Table legend:
 A = Non-vault XP
 B = Vault XP
 C = Vault XP percentage of total XP
 D = Non-vault monster count
 E = Vault monster count
 F = Vault count percentage of total count
                 A         B        C        D         E       F
            +---------+---------+-------+---------+---------+-------
      Total |    8935 |    6670 |  42.7 |     186 |     108 |  36.7
            +---------+---------+-------+---------+---------+-------
        D:1 |      52 |       0 |   0.0 |      17 |       0 |   0.0
        D:2 |      68 |     196 |  74.2 |      19 |      19 |  50.0
        D:3 |      78 |       3 |   3.7 |      18 |       2 |  10.0
        D:4 |     208 |     169 |  44.8 |      13 |       1 |   7.1
        D:5 |     814 |     255 |  23.9 |      23 |       1 |   4.2
        D:6 |     626 |     208 |  24.9 |      13 |       1 |   7.1
        D:7 |    1840 |       0 |   0.0 |      27 |       0 |   0.0
        D:8 |    1087 |    1281 |  54.1 |      20 |       2 |   9.1
        D:9 |    2495 |     712 |  22.2 |      28 |      18 |  39.1
     Lair:1 |    1667 |    3706 |  69.0 |       8 |       7 |  46.7
    Ossuary |       0 |     140 | 100.0 |       0 |      57 | 100.0
            +---------+---------+-------+---------+---------+-------
